Map: Acropolis LE

Players

LazZzyBoy

  • Race: Terran Terran
  • League: Master
  • Spawn Location: 11:00

Mez - Winner!

  • Race: Terran Terran
  • League: Master
  • Spawn Location: 5:00

VOD

Have the link to the VOD?

Description

Time

  • Played on: Aug. 12, 2019, 9:09 a.m.
  • Length: 6:17
Show
View Real Time Build Order
Export as new Build Order

LazZzyBoy Terran 

Build Orders: 1/1/1, Liberator Opening 

Get SALT Encoding   

  12  0:00  SCV  
  13  0:13  SCV  
  14  0:18  Supply Depot  
  14  0:25  SCV  
  14  0:27  Refinery  
  15  0:40  SCV  
  16  0:45  Barracks  
  16  0:52  SCV  
  16  0:54  Refinery  
  18  1:04  SCV  
  18  1:16  SCV  
  19  1:32  Orbital Command  
  19  1:33  Factory  
  19  1:36  Reaper  
  20  1:50  Supply Depot  
  20  1:58  SCV  
  21  2:08  Reaper  
  22  2:10  SCV  
  23  2:17  Hellion, Starport  
  23  2:22  SCV  
  26  2:28  Supply Depot  
  26  2:36  SCV, Liberator  
  27  2:38  Hellion  
  27  2:40  Reaper  
  30  2:49  SCV  
  34  2:59  Hellion, Supply Depot  
  34  3:05  SCV  
  37  3:12  Reaper  
  39  3:20  SCV  
  39  3:21  Hellion  
  41  3:36  Starport Tech Lab  
  41  3:43  Factory Tech Lab  
  41  3:47  Barracks Reactor  
  41  3:50  Factory  
  41  4:00  Command Center  
  33  4:22  SCV  
  30  4:24  Siege Tank  
  30  4:25  Marine x2  
  35  4:32  Refinery  
  35  4:34  SCV  
  35  4:38  Factory Tech Lab  
  33  4:42  Marine  
  33  4:43  Marine  
  35  4:47  Raven  
  35  4:48  Refinery  
  37  5:00  Marine  
  37  5:01  Marine  
  37  5:03  Siege Tank  
  42  5:18  Siege Tank  
  45  5:21  Marine x2  
  45  5:22  SCV  
  45  5:27  Orbital Command  
  48  5:35  Siege Tank, SCV  
  52  5:47  SCV  
  57  5:50  Marine  
Show
View Real Time Build Order
Export as new Build Order

Mez Terran - Winner!

Build Orders: Reaper Expand 

Get SALT Encoding   

  12  0:00  SCV  
  13  0:13  SCV  
  14  0:17  Supply Depot  
  14  0:25  SCV  
  15  0:38  SCV  
  15  0:40  Barracks  
  16  0:44  Refinery  
  16  0:50  SCV  
  17  1:02  SCV  
  18  1:15  SCV  
  19  1:28  Reaper  
  19  1:29  Orbital Command  
  20  1:41  Command Center  
  20  1:50  Supply Depot  
  20  1:56  SCV  
  20  2:00  Marine  
  22  2:07  Factory  
  22  2:11  SCV  
  23  2:18  Refinery  
  23  2:23  Barracks Reactor  
  23  2:24  SCV  
  24  2:39  SCV  
  24  2:44  Bunker  
  25  2:53  Factory Tech Lab  
  25  2:54  Orbital Command  
  25  2:57  Starport  
  25  3:00  SCV, Marine x2  
  28  3:12  SCV  
  29  3:14  Cyclone  
  29  3:16  Refinery  
  32  3:23  Marine x2  
  32  3:24  SCV  
  32  3:25  SCV  
  36  3:34  Starport Tech Lab  
  36  3:36  SCV  
  36  3:37  SCV, Supply Depot  
  38  3:42  Marine x2  
  40  3:50  SCV  
  41  3:55  Raven  
  41  3:59  Marine x2  
  41  4:00  SCV  
  47  4:02  SCV  
  47  4:07  Siege Tank  
  39  4:28  SCV x2, Marine  
  39  4:29  Marine  
  41  4:40  SCV  
  42  4:46  Siege Tank, Marine x2  
  42  4:47  SCV  
  42  4:52  SCV  
  49  5:02  SCV  
  49  5:04  SCV, Marine x2, Supply Depot  
  53  5:14  SCV  
  53  5:16  Supply Depot  
  54  5:25  Raven, Siege Tank, Marine x2  
  54  5:26  SCV  
  62  5:38  SCV x2  
  62  5:39  Supply Depot  
  64  5:50  SCV  
Tags
 
Add a new tag
Caveats
  • Supply blocks, unpowered buildings, or Contaminate may cause inaccurate times.
  • Supply counts are checked every 10 seconds.